 Dungeon Crawl Stone Soup version 0.24.0-2-g5b39cebb1c (webtiles) character file.

Game seed: 5397251301298609940, levelgen mode: deterministic

64 LostNumber the Sneak (level 4, -2/28 HPs)
             Began as a Gargoyle Assassin on Oct 30, 2019.
             Killed by a distortion unwield (30 damage)
             ... on level 3 of the Dungeon.
             The game lasted 00:02:12 (1514 turns).

LostNumber the Sneak (Gargoyle Assassin)            Turns: 1514, Time: 00:02:12

Health: -2/28      AC: 10    Str: 16    XL:     4   Next: 12%
Magic:  4/4        EV: 10    Int: 11    God:
Gold:   73         SH:  0    Dex: 11    Spells: 3/3 levels left

rFire    . . .     SeeInvis .   (no weapon)
rCold    . . .     Gourm    .   (no shield)
rNeg     + . .     Faith    .   n - +0 ring mail
rPois    ∞         Spirit   .   p - +0 helmet
rElec    +         Reflect  .   c - +0 cloak
rCorr    .         Harm     .   (no gloves)
MR       .....                  (no boots)
Stlth    ++........             (no amulet)
HPRegen  0.09/turn              (no ring)
MPRegen  0.09/turn              (no ring)

@: no status effects
A: negative energy resistance 1, electricity resistance, unbreathing,
petrification resistance, rot immunity, AC +3
a: no special abilities


You were on level 3 of the Dungeon.
You were not hungry.

You visited 1 branch of the dungeon, and saw 3 of its levels.

You collected 73 gold pieces.

Inventory:

Hand Weapons
 a - a +2 dagger
 i - a +2 short sword of speed
   (You took it off a kobold on level 1 of the Dungeon)
 l - a +0 club
   (You took it off a goblin on level 1 of the Dungeon)
 o - a +1 falchion of distortion {!w}
   (You found it on level 3 of the Dungeon)
 s - a +0 mace
   (You found it on level 2 of the Dungeon)
Missiles
 d - 24 poisoned darts (quivered)
 f - 2 curare-tipped darts {!f}
Armour
 b - a +0 robe
 c - a +0 cloak (worn)
 n - a +0 ring mail (worn)
   (You found it on level 1 of the Dungeon)
 p - a +0 helmet (worn)
   (You found it on level 2 of the Dungeon)
Scrolls
 g - 2 scrolls of amnesia {unknown}
 m - a scroll of fog {unknown}
 q - 2 scrolls of remove curse {unknown}
 r - a scroll of enchant weapon {unknown}
 t - 2 scrolls of identify {unknown}
Potions
 h - a potion of curing {unknown}
 j - a potion of flight {unknown}
 k - a potion of invisibility {unknown}
Comestibles
 e - 6 rations {!d}


   Skills:
 + Level 3.5 Fighting
 - Level 1.7 Short Blades
 * Level 2.2 Maces & Flails
 - Level 1.7 Throwing
 + Level 1.2 Armour
 - Level 0.7 Dodging
 - Level 4.3 Stealth


You had 3 spell levels left.
You didn't know any spells.
Your spell library was empty.

Dungeon Overview and Level Annotations

Branches:
Dungeon (3/15)

Altars:
Sif Muna


Innate Abilities, Weirdness & Mutations

You are resistant to torment.
Your stone body is resilient. (AC +3)
You are immune to poison.
You resist negative energy. (rN+)
You are resistant to electric shocks. (rElec)
You can survive without breathing.
You are immune to petrification.
You are immune to rotting.


Message History

The jackal bites you but does no damage.
You closely miss the jackal. You hit the jackal but do no damage.
The jackal bites you but does no damage.
You puncture the jackal!
You kill the jackal!
You hit the orc. The orc hits you but does no damage.
You closely miss the orc. The orc hits you but does no damage.
You hit the orc but do no damage. You barely miss the orc.
The orc barely misses you.
You hit the orc.
You kill the orc!
No target in view!
No target in view!
No target in view!
No target in view!
No target in view!
No target in view!
No target in view!
No target in view!
No target in view!
You see here a jackal corpse.
You butcher the jackal corpse.
o - a chunk of flesh You see here a jackal skeleton.
Eating a chunk of flesh.
You eat the chunk of flesh.
Things that are here:
a cursed -1 dagger; a +0 scale mail
There is a large open door here.
You see here a wand of random effects (19).
You see here 17 arrows.
d - 24 poisoned darts (gained 1)
You start resting.
You now have 73 gold pieces (gained 7).
You see here a glowing falchion.
o - a glowing falchion Space warps around you for a moment!
o - a +1 falchion of distortion (weapon)
The gnoll is too close now for your liking.
There are monsters nearby!
There are monsters nearby!
There is a large open door here.
You see here a jackal skeleton.
You start waiting.
The gnoll is too close now for your liking.
You see here a jackal skeleton.
Really unwield
o - a +1 falchion of distortion {!w}?
You are crushed and pinned by an extremely strong localised spatial distortion!
Ouch! That really hurt!
You die...

... #..................#
# #..................#
##................##
##.........../..##
##............##
##..........##
##...g....####
#####''####..##########.
#......@###...<.........
.........÷##.............
.........).......<.......
....#####................
.... #...................
... .....................
.. ..#...................
. #......#########....
#......# ....


You could see a gnoll (wandering).

Vanquished Creatures
  2 adders (D:2)
  2 dart slugs
  3 leopard geckos
  An orc (D:3)
  A bat (D:1)
  2 goblins
  6 hobgoblins
  A jackal (D:3)
  4 frilled lizards
  9 kobolds
  8 rats
39 creatures vanquished.

Notes
Turn   | Place    | Note
-------+----------+-------------------------------------------
     0 | D:1      | LostNumber the Gargoyle Assassin began the quest for the
                  | Orb.
     0 | D:1      | Reached XP level 1. HP: 12/12 MP: 1/1
   290 | D:1      | Reached XP level 2. HP: 17/18 MP: 2/2
   418 | D:1      | Reached skill level 1 in Maces & Flails
   722 | D:2      | Reached XP level 3. HP: 23/23 MP: 3/3
   874 | D:2      | Found a shimmering blue altar of Sif Muna.
  1040 | D:2      | Reached skill level 1 in Armour
  1198 | D:2      | Reached XP level 4. HP: 27/28 MP: 4/4
  1514 | D:3      | Killed by a distortion unwield

Levels and vault maps discovered:
D:1:      dpeg_arrival_erosion, layout_rooms, corexii_hall_statues_l,
          hangedman_decor_clover_reticule
D:2:      layout_basic, lemuel_blue_sif_altar
D:3:      kennysheep_big_flooded_room, layout_rooms

Skill      XL: |  1  2  3 |
---------------+----------+-----
Fighting       | 3 |  3.5
Maces & Flails | 1 2 |  2.2
Armour         | 1 |  1.2
Short Blades   | |  1.7
Throwing       | |  1.7
Dodging        | |  0.7
Stealth        | |  4.3

Action                   |  1- 3 |  4- 6 || total
-------------------------+-------+-------++-------
Melee: Dagger            |     9 |       ||     9
       Short sword       |    79 |    24 ||   103
 Stab: Sleeping          |     5 |       ||     5
  Eat: Chunk             |     1 |     1 ||     2
Armor: Robe              |     5 |       ||     5
       Ring mail         |    14 |     6 ||    20
Dodge: Dodged            |    32 |     8 ||    40
